 Dungeon Crawl Stone Soup version 0.25.1-3-ge44b62a0b3 (webtiles) character file.

Game seed: 9201418433286009106

501 JakoBeide the Firebug (level 7, -5/57 HPs)
             Began as a Hill Orc Fire Elementalist on Nov 20, 2020.
             Was an Initiate of Vehumet.
             Slain by a hippogriff (7 damage)
             ... on level 5 of the Dungeon.
             The game lasted 00:29:27 (4587 turns).

JakoBeide the Firebug (Hill Orc Fire Elementalist)  Turns: 4587, Time: 00:29:29

Health: -5/57      AC:  6    Str: 11    XL:     7   Next: 17%
Magic:  10/12      EV: 11    Int: 17    God:    Vehumet [......]
Gold:   256        SH:  6    Dex: 11    Spells: 8/12 levels left

rFire    . . .     SeeInvis .   m - +0 whip
rCold    + . .     Gourm    .   g - +2 buckler
rNeg     . . .     Faith    .   q - +0 ring mail
rPois    .         Spirit   .   (no helmet)
rElec    .         Reflect  .   i - scarf {+Inv}
rCorr    .         Harm     .   d - +0 pair of gloves
MR       .....                  (no boots)
Stlth    ++........             (no amulet)
HPRegen  0.19/turn              h - ring of protection from cold
MPRegen  0.13/turn              (no ring)

@: very slightly contaminated
A: no striking features
a: Renounce Religion, Evoke Invisibility


You were on level 5 of the Dungeon.
You worshipped Vehumet.
Vehumet was noncommittal.
You were not hungry.

You visited 1 branch of the dungeon, and saw 5 of its levels.

You collected 256 gold pieces.

Inventory:

Hand Weapons
 m - a +0 whip (weapon)
Missiles
 k - 60 bolts
Armour
 a - a +0 robe
 d - a +0 pair of gloves (worn)
 g - a +2 buckler (worn)
 i - a scarf of invisibility (worn)
 q - a +0 ring mail (worn)
Jewellery
 h - a ring of protection from cold (left hand)
Scrolls
 e - a scroll of magic mapping
 j - 2 scrolls of enchant armour
 l - 2 scrolls of identify
Potions
 p - 2 potions of stabbing
Comestibles
 c - 8 rations


   Skills:
 + Level 3.5 Fighting
 + Level 3.3 Maces & Flails
 + Level 2.3 Throwing
 + Level 3.1 Armour
 + Level 3.4 Dodging
 + Level 3.3 Stealth
 + Level 3.0 Shields
 + Level 3.2 Unarmed Combat
 + Level 3.3 Spellcasting
 + Level 3.5 Conjurations
 + Level 5.4 Fire Magic
 + Level 2.6 Evocations


You had 8 spell levels left.
You knew the following spells:

 Your Spells              Type           Power        Failure   Level  Hunger
a - Foxfire               Conj/Fire      ###.         7%          1    None
b - Conjure Flame         Conj/Fire      ###.....     21%         3    ###....

Your spell library contained the following spells:

 Spells                   Type           Power        Failure   Level  Hunger
 Inner Flame              Hex/Fire       ##......     38%         3    ###....
 Sticky Flame             Conj/Fire      ###.....     56%         4    ####...
 Fireball                 Conj/Fire      ###.......   88%         5    ######.


Dungeon Overview and Level Annotations

Branches:
Dungeon (5/15)
 Temple: D:4-7

Altars:
Makhleb
Vehumet
Xom


Message History

* * * LOW HITPOINT WARNING * * *
The hippogriff claws you but does no damage.
Your foxfire dissipates!
The foxfire hits the hippogriff but does no damage.
The hippogriff is heavily wounded.
The hippogriff bites you but does no damage.
The hippogriff pecks you!
* * * LOW HITPOINT WARNING * * *
The hippogriff claws you.
* * * LOW HITPOINT WARNING * * *
Okay, then.
Okay, then.
The hippogriff closely misses you.
The hippogriff pecks you but does no damage.
Keep disrobing?
The hippogriff closely misses you.
You start removing your armour.
You continue taking off your +0 ring mail.
The hippogriff bites you!
You die...

##.............
#####..............
#...............###
#...........#...#
#..#........#..#..
##.##..##.....##...
# #..##......##..
##..#H..#....
####...@.......
##.......###....
#........# #...
##..#....# ....
#####...###...#
#..#.#...#
##......# #.....#.#
#...###(# .#


You could see a hippogriff.

Vanquished Creatures
  2 phantoms
  A scorpion (D:4)
  An iguana (D:4)
  2 bullfrog skeletons
  A hound (D:4)
  6 adders
  An ooze (D:2)
  An adder zombie (D:1)
  2 worms
  3 leopard geckos
  2 giant cockroaches
  3 goblins
  9 hobgoblins
  8 jackals
  3 kobolds
  3 quokkas
  3 ball pythons
  7 bats
  3 frilled lizards
  A leopard gecko skeleton (D:3)
  A quokka zombie (D:1)
  6 rats
69 creatures vanquished.

Vanquished Creatures (others)
  249 foxfires
249 creatures vanquished.

Grand Total: 318 creatures vanquished

Notes
Turn   | Place    | Note
-------+----------+-------------------------------------------
     0 | D:1      | JakoBeide the Hill Orc Fire Elementalist began the quest
                  | for the Orb.
     0 | D:1      | Reached XP level 1. HP: 14/14 MP: 3/3
   354 | D:1      | Reached XP level 2. HP: 18/20 MP: 1/4
  1045 | D:2      | Reached XP level 3. HP: 26/26 MP: 2/5
  1480 | D:2      | Reached skill level 5 in Fire Magic
  1480 | D:2      | Reached XP level 4. HP: 4/38 MP: 1/8
  1497 | D:2      | HP: 1/38 [poisoned by an adder]
  2269 | D:3      | Noticed a phantom
  2303 | D:2      | Reached XP level 5. HP: 41/45 MP: 6/9
  2388 | D:2      | Killed a phantom
  2582 | D:3      | Reached XP level 6. HP: 36/51 MP: 1/10
  2943 | D:3      | Found a shimmering altar of Xom.
  2943 | D:3      | Found a burning altar of Makhleb.
  3149 | D:3      | Learned a level 3 spell: Conjure Flame
  4327 | D:5      | Entered Level 5 of the Dungeon
  4451 | D:5      | Noticed a phantom
  4490 | D:5      | Killed a phantom
  4490 | D:5      | Reached XP level 7. HP: 41/57 MP: 2/12
  4500 | D:5      | Found a radiant altar of Vehumet.
  4505 | D:5      | Became a worshipper of Vehumet
  4555 | D:5      | Noticed a hippogriff
  4585 | D:5      | HP: 2/57 [hippogriff (3)]
  4587 | D:5      | Slain by a hippogriff

Illustrated notes

Levels and vault maps discovered:
D:1:      saegor_arrival_fortress, layout_basic, minmay_statues_item
D:2:      layout_loops_corners
D:3:      layout_basic, grunt_temple_overflow_champion_of_chaos, first_ration
D:4:      layout_cave_pods
D:5:      layout_cave_pools, kennysheep_little_box

Skill      XL: |  1  2  3  4  5 |
---------------+----------------+-----
Dodging        | 2 3 |  3.4
Fighting       | 3 |  3.5
Maces & Flails | 2 3 |  3.3
Throwing       | 2 |  2.3
Armour         | 3 |  3.1
Stealth        | 3 |  3.3
Shields        | 2 3 |  3.0
Unarmed Combat | 3 |  3.2
Spellcasting   | 2 3 |  3.3
Conjurations   | 3 |  3.5
Fire Magic     | 5 |  5.4
Evocations     | 2 |  2.6

Action                   |  1- 3 |  4- 6 |  7- 9 || total
-------------------------+-------+-------+-------++-------
Melee: Unarmed           |    16 |       |       ||    16
       Whip              |    18 |    68 |       ||    86
 Cast: Foxfire           |    38 |   131 |     9 ||   178
       Conjure Flame     |       |     2 |       ||     2
 Abil: Evoke Invisibilit |       |       |     1 ||     1
  Use: Potion            |     2 |     4 |     2 ||     8
       Scroll            |       |     8 |       ||     8
  Eat: Ration            |     1 |     2 |       ||     3
       Chunk             |       |     3 |       ||     3
Armor: Robe              |    19 |    15 |       ||    34
       Ring mail         |       |    27 |    12 ||    39
Dodge: Dodged            |    54 |    77 |    18 ||   149
Block: Buckler           |    11 |    53 |     8 ||    72
